 Dungeon Sprint DCSS version 0.19.5 (webtiles) character file.

91 Snowbourne the Covert (level 4, -7/21 HPs)
             Began as a Spriggan Enchanter on May 12, 2017.
             Mangled by a tyrant leech (28 damage)
             ... in the Dungeon (Sprint II: "The Violet Keep of Menkaure").
             The game lasted 00:00:54 (256 turns).

Snowbourne the Covert (Spriggan Enchanter)           Turns: 256, Time: 00:00:55

Health: -7/21      AC:  3    Str:  4    XL:     4   Next: 34%
Magic:  7/9        EV: 18    Int: 16    God:
Gold:   243        SH:  0    Dex: 17    Spells: 3 memorised, 2 levels left

rFire  . . .     SeeInvis +     a - +1 dagger
rCold  . . .     Gourm    .     b - +1 robe
rNeg   . . .     Faith    .     (shield restricted)
rPois  .         Spirit   .     (helmet restricted)
rElec  .         Reflect  .     (no cloak)
rCorr  .         Harm     .     (gloves unavailable)
MR     .....     NoTele   +     (boots unavailable)
Stlth  ++++++....               (no amulet)
                                (no ring)
                                (no ring)

@: very quick
A: unfitting armour, see invisible, herbivore 3, speed 3, slow metabolism 2
a: no special abilities


You were in the Dungeon.
You were not hungry.

You visited 1 branch You collected 243 gold pieces.

Inventory:

Hand Weapons
 a - a +1 dagger (weapon)
Armour
 b - a +1 robe (worn)
Scrolls
 j - a scroll of blinking
Potions
 e - a potion of curing
 f - a potion of heal wounds
 g - a potion of haste
 h - 2 potions of magic
Books
 c - a book of Maledictions

   Spells                             Type                      Level
   a - Corona                         Hexes                        1
   b - Ensorcelled Hibernation        Hexes/Ice                    2
   c - Confuse                        Hexes                        3
   d - Tukima's Dance                 Hexes                        3
   e - Dazzling Spray                 Conjuration/Hexes            3
Comestibles
 d - a bread ration


   Skills:
 - Level 1.1 Short Blades
 - Level 3.0 Dodging
 + Level 13.5 Stealth
 - Level 2.6 Spellcasting
 + Level 3.6 Hexes


You had 2 spell levels left.
You knew the following spells:

 Your Spells              Type           Power        Failure   Level  Hunger
a - Corona                Hex            ##.....      6%          1    #......
b - Ensorcelled Hibernat  Hex/Ice        #.....       17%         2    ##.....
c - Confuse               Hex            ##......     14%         3    ###....


Dungeon Overview and Level Annotations

Branches:
Dungeon (1/1)

Altars:


Innate Abilities, Weirdness & Mutations

You are very small and have problems with some larger weapons.
You are too small for most types of armour.
You have supernaturally acute eyesight. (SInv)
You are a herbivore.
You cover ground extremely quickly.
You need consume almost no food.


Message History

Aiming: Confuse
Press: ? - help, Shift-Dir - straight line, f/p - tyrant leech
Aim: a tyrant leech (moderately wounded, hasn't noticed you, chance to defeat MR: 27%)
Okay, then.
Casting: Confuse
Confirm with . or Enter, or press ? or * to list all spells.
Aiming: Ensorcelled Hibernation
Press: ? - help, Shift-Dir - straight line, f/p - tyrant leech
Aim: a tyrant leech (moderately wounded, hasn't noticed you, chance to defeat MR: 23%)
The tyrant leech looks drowsy...
The tyrant leech misses you.
There is an open door here.
You hit the tyrant leech but do no damage.
The tyrant leech is lightly wounded.
The tyrant leech misses you. x2
You hit the tyrant leech.
The tyrant leech is moderately wounded.
The tyrant leech bites you!!
Ouch! That really hurt!
You die...

### #+#
#.##
##.###..#
+.<.'.##+
##.###..#
#@# #.##
#w#w####
#.. ..#
##$ .##
## ##


You could see 2 tyrant leeches.

Vanquished Creatures
  4 worker ants (D)
4 creatures vanquished.

Vanquished Creatures (others)
  A crocodile (D)
1 creature vanquished.

Grand Total: 5 creatures vanquished

Notes
Turn   | Place    | Note
-------+----------+-------------------------------------------
     0 | D        | Snowbourne the Spriggan Enchanter began the quest for the Orb.
     0 | D        | Reached XP level 1. HP: 9/9 MP: 5/5
     1 | D        | Noticed a worker ant
     1 | D        | Noticed a worker ant
     8 | D        | Killed a worker ant
     8 | D        | Reached skill level 9 in Stealth
     8 | D        | Reached XP level 2. HP: 13/13 MP: 6/6
    14 | D        | Reached skill level 11 in Stealth
    14 | D        | Reached XP level 3. HP: 14/16 MP: 8/8
    19 | D        | Reached skill level 12 in Stealth
    19 | D        | Reached XP level 4. HP: 13/21 MP: 9/9
    21 | D        | Reached skill level 13 in Stealth
    29 | D        | Learned a level 2 spell: Ensorcelled Hibernation
    78 | D        | Killed a crocodile
   175 | D        | Learned a level 3 spell: Confuse
   178 | D        | Noticed a tyrant leech
   178 | D        | Noticed a tyrant leech
   256 | D        | Mangled by a tyrant leech

Skill      XL: |  1  2  3  4 |
---------------+-------------+-----
Stealth        | 9 11 12 13 | 13.5
Short Blades   | |  1.1
Dodging        | |  3.0
Spellcasting   | |  2.6
Hexes          | |  3.6

Action                   |  1- 3 |  4- 6 || total
-------------------------+-------+-------++-------
Melee: Dagger            |    14 |     6 ||    20
 Cast: Confuse           |       |     2 ||     2
       Ensorcelled Hiber |       |     2 ||     2
  Use: Potion            |     1 |       ||     1
 Stab: Sleeping          |       |     1 ||     1
Dodge: Dodged            |     8 |     7 ||    15
